[Event "12th WLC Weekend 2022"]
[Site "Eindhoven"]
[Date "2022.05.13"]
[Round "1.1"]
[White "Duson, Robin"]
[Black "Beerdsen, Thomas"]
[Result "0-1"]
[ECO "E55"]
[WhiteElo "1980"]
[BlackElo "2497"]
[Annotator "TA"]
[PlyCount "70"]
[EventDate "2022.05.13"]
[EventType "swiss"]
[EventCountry "NED"]
[SourceTitle "playchess.com"]
[Source "ChessBase"]
[SourceQuality "1"]
[TimeControl "5400+30"]

1. d4 Nf6 2. c4 e6 3. Nc3 Bb4 4. e3 O-O 5. Bd3 c5 6. Nf3 d5 7. O-O cxd4 8. exd4 dxc4 9. Bxc4 b6 10. Bg5 Bb7 11. Qe2 Nbd7 12. Rfd1 h6 {[%emt 0:03:38] [#] White must now prevent ...Bxf3. E55: Nimzo-Indian: Rubinstein: Main Line: 7...dxc4 8 Bxc4 Nbd7.} 13. Bh4 Bxc3 14. bxc3 Qc7 {[%emt 0:01:25] The position is equal.} 15. Rac1 {[%emt 0:15:36] [#]} Bxf3 $146 ({Predecessor:} 15... a6 16. Bd3 b5 17. c4 bxc4 18. Rxc4 Qa5 19. Ne5 Rfc8 20. Rdc1 Rxc4 21. Rxc4 Rc8 22. Rxc8+ Bxc8 {½-½ (40) Chery,E-Andraud,G France 1994}) 16. gxf3 Nh5 17. Bb3 Ndf6 18. Bg3 Nf4 19. Qe3 N6h5 {[%emt 0:01:36] Pair of Knights!} 20. Kh1 Rfd8 21. c4 Rac8 22. a4 g5 23. Rg1 Kh8 24. h4 ({Better is} 24. Ra1 $15) 24... Qe7 25. Rce1 Qf6 {[%emt 0:00:38] 0x0.0024afd4635cdp-1022s more active pieces.} 26. Bxf4 (26. Bh2 $15) 26... Nxf4 $19 ({Weaker is} 26... gxf4 27. Qe5 Qxe5 28. Rxe5 $11) 27. hxg5 (27. Rd1 $17 {is a better defense.}) 27... hxg5 $40 {[%emt 0:00:09][%cal Rf6h6][%mdl 128] [#] Black is out for blood.} 28. Qe5 Qxe5 29. Rxe5 $2 (29. dxe5 {was the only chance.} Nh3 30. Rg3 Nxf2+ 31. Kg1) 29... f6 30. Re4 Rc7 {[%emt 0:01:12][%cal Rc7h7] Inhibits c5.} 31. Rd1 f5 32. Re5 (32. Rxf4 $142 gxf4 33. Kg2) 32... Rh7+ 33. Kg1 Kg7 {[%emt 0:00:08] ( -> ...Rdh8)} 34. d5 Rdh8 35. dxe6 Rh1# {[%emt 0:00:05] Weighted Error Value: White=0.70/Black=0.06 (flawless)} 0-1

[Event "12th WLC Weekend 2022"]
[Site "Eindhoven"]
[Date "2022.05.13"]
[Round "1.2"]
[White "Roebers, Eline"]
[Black "Koster, Chiel"]
[Result "1/2-1/2"]
[ECO "B33"]
[WhiteElo "2369"]
[BlackElo "1924"]
[Annotator "TA"]
[PlyCount "122"]
[EventDate "2022.05.13"]
[EventType "swiss"]
[EventCountry "NED"]
[SourceTitle "playchess.com"]
[Source "ChessBase"]
[SourceQuality "1"]
[TimeControl "5400+30"]

1. e4 c5 2. Nf3 Nc6 3. d4 cxd4 4. Nxd4 Nf6 5. Nc3 e5 6. Ndb5 d6 7. Bg5 a6 8. Na3 b5 9. Bxf6 gxf6 10. Nd5 Bg7 11. g3 Ne7 12. Nxe7 {[%emt 0:03:19] B33: Sicilian: Pelikan and Sveshnikov Variations.} Qxe7 13. Bg2 d5 14. Qxd5 {[%emt 0:03:09] White is slightly better.} Bb7 (14... Rb8 $11 {remains equal.}) 15. Qb3 f5 {[%emt 0:01:54] [#]} 16. O-O $146 ({Predecessor:} 16. c3 fxe4 17. Nc2 Bh6 18. O-O Rd8 19. Ne3 Bxe3 20. fxe3 h5 21. Rad1 Rxd1 22. Qxd1 {1-0 (43) Edouard,R (2588)-Vega Gutierrez,S (2385) Salamanca 2021}) 16... fxe4 17. Rfe1 f5 18. c4 Qf7 19. Rad1 O-O 20. cxb5 Qxb3 21. axb3 axb5 22. Nxb5 Rab8 23. Nd6 Bc8 24. g4 {[%emt 0:06:15] White is more active.} (24. Bf1 $16) 24... fxg4 $14 25. Nxc8 Rbxc8 26. Bxe4 Rf4 27. Rd7 h5 28. Bd5+ Kh7 29. Rxe5 Kh6 {[%emt 0:02:05] Prevents Rg5.} 30. Rd6+ Bf6 $1 31. Re4 Rd8 (31... h4 $11 32. h3 (32. Rxf4 {leads to mate.} Rc1+ 33. Kg2 h3+ 34. Kg3 Rg1+) 32... Rc1+ 33. Kg2 gxh3+ 34. Kxh3 Rxf2 35. Rxh4+ Kg5) 32. Rxf4 (32. Rxd8 $1 $14 Rxe4 33. Bxe4 (33. Rd6 Re1+ 34. Kg2 Kg5 $11) 33... Bxd8 34. b4) 32... Rxd6 {[%emt 0:00:02][%mdl 4096] Endgame KRB-KRB} 33. Bf7 Bd4 34. Kg2 Kg5 {[%emt 0:00:52] Prevents Rf5+.} 35. Re4 Bxf2 36. Bxh5 Rd2 (36... Rd4 $11 37. Re2 Bh4) 37. Bxg4 $16 Rxb2 38. Be6 (38. Bd1 $16) 38... Bb6+ {[%emt 0:00:30] The position is equal.} 39. Kf3 Rxh2 40. Bc4 Rf2+ 41. Kg3 Rf6 42. Re5+ Rf5 43. Re7 Rf6 44. b4 Bf2+ 45. Kg2 Bb6 46. b5 Kg4 47. Be2+ Kg5 48. Bd3 Kg4 49. Be2+ Kg5 50. Bf3 Kf4 51. Bc6 Kg5 52. Kh3 Kf4 53. Re4+ Kf5 54. Re2 Kf4 55. Be8 Be3 56. Re1 Kf3 {[%emt 0:01:06] [#] ( -> ...Rh6+)} 57. Bh5+ Ke4 58. Kg3 Kd3 {[%emt 0:01:07] ...Bf2+ is the strong threat.} 59. Rb1 Ke4 60. b6 Rxb6 61. Rxb6 Bxb6 {[%emt 0:00:58] Weighted Error Value: White=0.08 (flawless) /Black=0.07 (flawless)} 1/2-1/2

[Event "12th WLC Weekend 2022"]
[Site "Eindhoven"]
[Date "2022.05.13"]
[Round "1.3"]
[White "Suranyi, Pal"]
[Black "Grooten, Herman"]
[Result "0-1"]
[ECO "A59"]
[WhiteElo "2013"]
[BlackElo "2286"]
[Annotator "TA"]
[PlyCount "102"]
[EventDate "2022.05.13"]
[EventType "swiss"]
[EventCountry "NED"]
[SourceTitle "playchess.com"]
[Source "ChessBase"]
[SourceQuality "1"]
[TimeControl "5400+30"]

1. d4 Nf6 2. c4 c5 3. d5 b5 4. cxb5 a6 5. bxa6 g6 6. Nc3 Bxa6 7. Nf3 d6 8. e4 Bxf1 9. Kxf1 Nbd7 10. g3 Bg7 11. Kg2 O-O 12. a4 {[%emt 0:00:30] A59: Benko/Volga Gambit: White castles by hand.} Ra6 13. Re1 {[%emt 0:18:55] 13.Qe2 is a critical line.} Qa8 14. Nb5 {[%emt 0:37:24] [#] And now Nc7 would win. White is better. has lost popularity (14.Ra3).} Rb6 $146 (14... Rc8 $14) ({Predecessor:} 14... Rc8 15. Ra3 Ne8 16. Qc2 Nc7 17. Nxc7 Rxc7 18. b4 cxb4 19. Qxc7 bxa3 20. Bxa3 Rxa4 21. Qxd7 {0-1 (37) Vallejo Pons,F (2711)-Tregubov,P (2585) Tallinn 2016}) 15. Ra3 Ng4 (15... Rfb8 $16 {might work better.} 16. Nd2 R6b7) 16. Qe2 Qb7 17. Nd2 Ngf6 18. f4 Ne8 19. Nc4 Ra6 20. g4 e6 21. dxe6 fxe6 22. Qf3 (22. g5 $16) 22... Ne5 $1 $11 23. Nxe5 Bxe5 (23... dxe5 $11 24. f5 (24. Be3 c4 $11) 24... exf5) 24. h4 Bg7 {[%emt 0:02:51] [#]} 25. g5 (25. h5 $1 $16) 25... e5 (25... Nc7 $14) 26. Nc3 (26. f5 $16) 26... Nc7 ({Black should play} 26... exf4 $11 27. Nd5 Be5) 27. Qd3 (27. f5 $1 $14) 27... exf4 {[%emt 0:00:34] Threatens to win with ...f3+.} 28. Rf1 Be5 29. Kf3 $2 ({Better is} 29. Nd5 $11 Nxd5 30. Qxd5+ Qxd5 31. exd5) 29... Kg7 {[%emt 0:01:33] Black is more active.} 30. h5 (30. Kg2 $17) 30... Ne6 $19 (30... gxh5 $2 31. Rh1 $19) 31. hxg6 (31. Kf2 {was necessary.}) 31... Nxg5+ 32. Ke2 h6 {[%emt 0:05:43] Really sharp!} (32... Kxg6 33. Nd5 $15) (32... hxg6 $2 33. Rg1 Ne6 34. Kd1 $19) (32... Rb6 $19 {has better winning chances.} 33. gxh7 Rxb2+ 34. Kd1 Rg2) 33. Nd5 Ne6 ({Stronger than} 33... Kxg6 34. Qb5 Rb8 35. Bxf4 $15) (33... c4 $17 34. Qc2 (34. Qxc4 $2 Rc6 $19) 34... Kxg6 35. Bxf4 Qxb2 36. Qxb2 Bxb2) 34. Kd1 Ra7 35. a5 Qa6 (35... Bxb2 $2 36. a6 Qb8 37. Rb3 Qxb3+ 38. Qxb3 $18) 36. Qxa6 Rxa6 37. b4 Rb8 (37... cxb4 {is more complex.} 38. Nxb4 Raa8 39. a6 Kxg6 40. Nd3 Ra7) 38. bxc5 dxc5 (38... Nxc5 {keeps more tension.} 39. Bxf4 Nxe4 40. Bc1 Rb1) 39. Bxf4 $2 (39. Nxf4 $11 {and White has nothing to worry.} Bxf4 40. Bxf4 Nxf4 41. Rxf4) 39... Nxf4 40. Rxf4 Bxf4 41. Nxf4 $11 {[%emt 0:00:04][%mdl 4096] Endgame KRR-KRN} Rf8 42. Nd3 Rc8 43. Nf4 {[%emt 0:00:51] [#]} Re8 (43... c4 $1 $19 {Hoping for ...Re8.} 44. Kd2 Rc5) 44. Rd3 Re7 {[%emt 0:02:32] Prevents Rd7.} ({Of course not} 44... Rxe4 45. Rd7+ Kh8 46. Rd8+ Kg7 47. Rd7+ Kh8 48. Rd8+ Kg7 49. Rd7+ $11) 45. e5 $1 Rxa5 (45... Raa7 $17 46. e6 Rxa5) 46. e6 {[%emt 0:00:03][%mdl 8192] This costs White the game.} (46. Rd6 $1 $11 {and White is okay.} Ra8 47. Nh5+ Kg8 48. e6) 46... Ra4 $19 47. Rd7 (47. Rf3 $19 Re4 48. Kd2) 47... Rxd7+ {[%emt 0:01:08] Black mates.} 48. exd7 Rxf4 49. d8=Q Rd4+ 50. Qxd4+ cxd4 51. Kd2 h5 {[%emt 0:00:45] Weighted Error Value: White=0.79/Black=0.34} 0-1

[Event "12th WLC Weekend 2022"]
[Site "Eindhoven"]
[Date "2022.05.13"]
[Round "1.4"]
[White "Baselmans, Luuk"]
[Black "Simons, Rudy"]
[Result "1-0"]
[ECO "B51"]
[WhiteElo "2233"]
[BlackElo "2046"]
[Annotator "TA"]
[PlyCount "101"]
[EventDate "2022.05.13"]
[EventType "swiss"]
[EventCountry "NED"]
[SourceTitle "playchess.com"]
[Source "ChessBase"]
[SourceQuality "1"]
[TimeControl "5400+30"]

1. e4 c5 2. Nf3 d6 3. Bb5+ Nd7 4. Ba4 Ngf6 5. O-O g6 6. Re1 {[%emt 0:00:19] B51: Sicilian: Moscow Variation (3 Bb5+) without 3...Bd7.} Bg7 7. c3 O-O 8. d4 {[%emt 0:00:25] White has an edge.} e5 9. Bg5 {[%emt 0:01:15] [#]} h6 $146 (9... Qc7 10. Nbd2 a6 11. Nf1 b5 12. Bc2 Bb7 13. Ng3 h6 14. Bxf6 Nxf6 15. a4 Rfe8 {1-0 (44) Baselmans,L (2270)-Simons,R (2051) Eindhoven 2019}) ({Predecessor:} 9... cxd4 10. cxd4 exd4 11. Nxd4 Qa5 12. Bf4 {½-½ (12) Pap,G (2535)-Manik,M (2353) Piestany 2021}) 10. Bxd7 (10. Bxf6 {looks sharper.} Bxf6 11. Bxd7 Qxd7 12. dxe5 dxe5 13. Qe2) 10... Bxd7 11. Bxf6 Bxf6 12. dxc5 dxc5 13. c4 Be6 14. Qe2 g5 15. Nc3 g4 16. Nd2 Bg5 17. Nf1 Qf6 18. Ng3 Qg6 19. Rad1 h5 20. Nd5 h4 21. Nf5 Bxf5 22. exf5 Qxf5 23. Qxe5 Qxe5 24. Rxe5 f6 25. Re7 Rf7 26. Rxf7 {[%emt 0:01:12] White is more active.} (26. h3 $16) 26... Kxf7 $16 {[%emt 0:00:08][%mdl 4096] Endgame KRB-KRN} 27. Nc7 Rb8 28. Rd7+ Kg6 29. g3 h3 {[%emt 0:00:58] [#]} (29... b6 $11 {is more appropriate.}) 30. f4 $1 gxf3 31. Kf2 {[%emt 0:00:10] Inhibits Be3+.} Bc1 (31... b5 $14 32. cxb5 c4) 32. b3 Bb2 (32... b6 $16) 33. Kxf3 $18 b6 (33... Bc1 $142 34. Ne6 b6) 34. Nd5 a6 35. Nf4+ Kh6 36. Nxh3 b5 37. Rd2 Bd4 38. cxb5 axb5 39. Nf4 b4 (39... Be5 $16 40. Rc2 Rc8) 40. Ne6 Bc3 41. Rd8 Rb5 42. Ra8 {[%emt 0:02:22] Inhibits Ra5.} c4 43. bxc4 Rb6 44. Rh8+ Kg6 45. Nf4+ Kg7 46. Ra8 {[%emt 0:01:02] [#] And now c5 would win.} Rc6 47. c5 {[%emt 0:00:08] Black must now prevent Ke4.} Kh6 (47... Kf7 {was worth a try.} 48. Ra7+ Ke8) 48. Nd3 {[%emt 0:00:44] White is clearly winning.} Bd4 49. Ra5 f5 50. Rb5 Bc3 (50... b3 $142) 51. Rb6 {[%emt 0:00:07] Weighted Error Value: White=0.07 (flawless) /Black=0.27 (precise)} 1-0

[Event "12th WLC Weekend 2022"]
[Site "Eindhoven"]
[Date "2022.05.13"]
[Round "1.5"]
[White "Van de Lagemaat, Arend"]
[Black "Klapwijk, Bram"]
[Result "0-1"]
[ECO "D77"]
[WhiteElo "1995"]
[BlackElo "2245"]
[Annotator "TA"]
[PlyCount "68"]
[EventDate "2022.05.13"]
[EventType "swiss"]
[EventCountry "NED"]
[SourceTitle "playchess.com"]
[Source "ChessBase"]
[SourceQuality "1"]
[TimeControl "5400+30"]

1. d4 d5 2. Nf3 Nf6 3. g3 g6 4. Bg2 Bg7 5. O-O O-O 6. c4 dxc4 7. Na3 c3 8. bxc3 c5 9. Re1 {[%emt 0:01:45] D77: Fianchetto Grünfeld: 6 0-0: Replies other than 6...c6.} Nc6 10. Bb2 Bf5 {[%emt 0:07:12] [#]} 11. Qb3 $146 (11. d5 $14 Na5 12. c4) ({Predecessor:} 11. d5 Nxd5 12. e4 Bxe4 13. Rxe4 Nxc3 14. Bxc3 Bxc3 15. Rb1 Qxd1+ 16. Rxd1 Rad8 17. Rb1 {1-0 (36) So,W (2770)-Duda,J (2743) Chess.com INT 2020}) 11... a6 12. Nc4 (12. Qxb7 $2 Na5 13. Qxa8 Qxa8 $19) 12... b5 13. Ncd2 Ne4 $1 14. Rad1 Qc7 ({Reject} 14... cxd4 15. Nxd4 Nxd2 16. Rxd2 Nxd4 17. cxd4 $11) (14... Na5 $15 15. Qa3 Rc8) 15. Nh4 (15. Qa3 $11) 15... Na5 $1 $17 {[%emt 0:03:00] Black is more active.} 16. Qc2 {[%emt 0:04:15] [#]} Nxf2 17. Nxf5 Nxd1 18. Rxd1 gxf5 19. Bxa8 {[%emt 0:00:56] [#]} cxd4 $1 20. Qxf5 {[%emt 0:03:40] [#] Threatens to win with Be4.} e6 $1 21. Qf3 (21. Qf4 $17 Qxf4 22. gxf4) 21... dxc3 $19 22. Bxc3 Bxc3 ({Worse is} 22... Qxc3 23. Qxc3 Bxc3 24. Be4 $17) 23. Ne4 Qa7+ ({And not} 23... Rxa8 24. Nxc3 Rd8 25. Qg4+ Kh8 26. Rxd8+ Qxd8 27. Qf4 $11) ({Black should play} 23... Bb2 $19 {Hoping for ...Qa7+.} 24. Nf2 f5) 24. Kf1 Qxa8 25. Nxc3 Qxf3+ 26. exf3 $17 {[%emt 0:00:06][%mdl 4096] Endgame KRN-KRN} Rc8 27. Ne4 Rc2 28. Kg1 $2 {[%emt 0:00:47] This costs White the game.} (28. Rd8+ $17 Kg7 29. Rd2 Rc1+ 30. Kf2) 28... Rxa2 $19 29. Rd7 h6 30. Nd6 (30. Rd2 $142 Ra1+ 31. Kf2) 30... Rd2 31. Rd8+ Kh7 {[%emt 0:00:00] ...Nc4 is the strong threat.} 32. Nxf7 Rxd8 {[%emt 0:00:00] Black mates.} 33. Nxd8 b4 34. Nxe6 b3 {[%emt 0:00:00] Weighted Error Value: White=0.71/Black=0.13 (very precise)} 0-1

[Event "12th WLC Weekend 2022"]
[Site "Eindhoven"]
[Date "2022.05.13"]
[Round "1.6"]
[White "Van Roon, Sjoerd"]
[Black "Winkels, Marcel"]
[Result "1-0"]
[ECO "B51"]
[WhiteElo "2264"]
[BlackElo "1965"]
[Annotator "TA"]
[PlyCount "85"]
[EventDate "2022.05.13"]
[EventType "swiss"]
[EventCountry "NED"]
[SourceTitle "playchess.com"]
[Source "ChessBase"]
[SourceQuality "1"]
[TimeControl "5400+30"]

1. e4 c5 2. Nf3 d6 3. Bb5+ Nd7 4. Ba4 Ngf6 5. O-O e6 6. Re1 {[%emt 0:00:08] B51: Sicilian: Moscow Variation (3 Bb5+) without 3...Bd7.} a6 {[%emt 0:00:09] [#] Strongly threatening ...b5.} 7. c4 {[%emt 0:00:11] Against b5} Be7 8. Nc3 {[%emt 0:00:08] The position is equal.} O-O 9. d4 cxd4 $1 10. Qxd4 Qc7 11. Bg5 Ne5 (11... h6 {keeps more tension.} 12. Bxd7 hxg5 13. Bxc8 Raxc8 14. Nxg5 Nd7) 12. Nd2 Bd7 13. Bxd7 Nexd7 {[%emt 0:00:43] [#]} 14. h3 $146 ({Predecessor:} 14. Rac1 Qc5 15. Be3 Qxd4 16. Bxd4 Rac8 17. b3 Rc6 18. f4 Rfc8 19. Rcd1 Bd8 20. e5 dxe5 21. fxe5 {1-0 (36) Kosteniuk,A (2526)-Heinemann,J (2292) Chess.com INT 2021}) 14... Rac8 15. Rac1 Rfe8 (15... h6 $5 16. Bh4 Ne5 $11) 16. a3 Qc5 17. Be3 Qxd4 18. Bxd4 Ne5 19. Bxe5 dxe5 20. b4 Red8 21. Rc2 a5 (21... Rd3 $11) 22. c5 $14 axb4 23. axb4 Rd4 {[%emt 0:04:48] Against Nc4. White stays focused until the end.} (23... g6 $14) 24. Rb1 $16 Nd7 (24... Rdd8 $142) 25. Kf1 {[%emt 0:02:22] And now Nb5 would win.} b6 (25... Nb8 $16) 26. Nb5 $18 Rxd2 $2 (26... bxc5 27. Nxd4 exd4 28. bxc5 Rxc5 29. Rxc5 Nxc5 30. Rb8+ Bf8) 27. Rxd2 {[%emt 0:00:08] White is clearly winning.} Nf6 28. cxb6 {[%emt 0:01:51] [#] Threatens to win with Na7.} Rb8 29. Rc1 h5 30. Nd6 {[%emt 0:02:15] Hoping for Rc8+.} Kh7 (30... Rxb6 $142 31. Rc8+ Kh7) 31. Nxf7 Rxb6 32. Rc4 Rxb4 33. Rxb4 Bxb4 {[%emt 0:00:02][%mdl 4096] Endgame KRN-KBN} 34. Re2 Bc3 35. Ng5+ Kg6 36. Nxe6 Kf7 37. Ng5+ Kg6 38. Nf3 Kf7 39. Re3 Bb2 40. Ke2 Ke6 41. Rb3 Ba1 42. Kd3 Nd7 43. Rb1 {[%emt 0:00:09] Weighted Error Value: White=0.21 (precise) /Black=0.42} 1-0

[Event "12th WLC Weekend 2022"]
[Site "Eindhoven"]
[Date "2022.05.13"]
[Round "1.7"]
[White "Krueger, Andre"]
[Black "Baselmans, Sam"]
[Result "0-1"]
[ECO "A49"]
[WhiteElo "1970"]
[BlackElo "2175"]
[Annotator "TA"]
[PlyCount "126"]
[EventDate "2022.05.13"]
[EventType "swiss"]
[EventCountry "NED"]
[SourceTitle "playchess.com"]
[Source "ChessBase"]
[SourceQuality "1"]
[TimeControl "5400+30"]

1. d4 Nf6 2. Nf3 g6 3. g3 Bg7 4. Bg2 O-O 5. O-O d6 6. b3 c6 7. Bb2 Nbd7 {[%emt 0:00:14] 7...Bf5 is more fashionable.} 8. Nbd2 Qc7 9. a4 a5 {[%emt 0:01:00] A49: 1 d4 Nf6 2 Nf3 g6 3 g3: Anti-King's Indian systems.} 10. Re1 Re8 11. e4 e5 {[%emt 0:00:27] White has an edge.} 12. dxe5 dxe5 13. Nc4 Bf8 $1 {[%emt 0:01:08] [#] Inhibits Qd6.} 14. Ba3 $146 (14. Qd2 $5 ) ({Predecessor:} 14. Qd2 Bb4 15. Bc3 Bxc3 16. Qxc3 b6 17. Rad1 Ba6 18. Nd6 Re7 19. Bh3 Rd8 20. Ng5 {1-0 (52) Pulpan,J (2405)-Vrana,F (2236) Chess.com INT 2021}) 14... Bxa3 15. Rxa3 Nc5 16. Qd6 Qxd6 17. Nxd6 Re7 18. Nxc8 Rxc8 19. Nd2 Rd8 20. Nc4 Rd4 21. Nxa5 ({Better is} 21. f3 $16) 21... Ncxe4 $11 ({But not} 21... Nfxe4 22. b4 $16) 22. Bxe4 Nxe4 23. Nc4 f6 24. a5 Nc5 25. Raa1 Red7 26. Ne3 Kf7 27. Red1 Ke6 28. Kf1 Ne4 (28... g5 {is interesting.} 29. g4 h5 30. gxh5 Rh7) 29. Rxd4 exd4 {[%emt 0:01:45][%mdl 4096] Endgame KRN-KRN} 30. Nd1 (30. Ng2 $11) 30... d3 $15 31. cxd3 Rxd3 32. Ke2 Rxb3 {[%emt 0:00:23] Black is much more active.} 33. a6 bxa6 34. Rxa6 Nc3+ 35. Nxc3 Rxc3 {[%emt 0:00:05] KR-KR} 36. Ra7 h5 37. h4 Rc2+ 38. Ke3 c5 39. f3 (39. Rb7 $15) 39... Kf5 ({Black should play} 39... Rg2 $1 $17 40. Ra6+ Ke5) 40. Rc7 $1 $11 Rc3+ 41. Ke2 Rc1 42. Rc6 Ke5 (42... Rc2+ $15 {might be stronger.} 43. Kd3 Rg2) 43. Ke3 Rc3+ 44. Ke2 c4 (44... Rc2+ $1 $15 45. Ke3 c4) 45. Kf2 (45. g4 $11) 45... Rc1 46. Ke3 c3 47. g4 $2 (47. Kd3 $17 {is more resistant.}) 47... hxg4 (47... c2 $142 {aiming for ...Re1+.} 48. Kd3 Rh1 49. Rxc2 Rxh4 50. gxh5 gxh5) 48. fxg4 $19 c2 $2 (48... Rg1 $19 49. h5 Rxg4) 49. Kd2 $2 (49. Rc5+ $11 Kd6 50. Rc3) 49... Rg1 50. h5 g5 $1 51. Rxc2 Rxg4 52. Rc8 Rh4 {[%emt 0:00:19] ( -> ...g4)} 53. Rh8 Kf5 {[%emt 0:00:40] Black mates.} 54. Ke3 g4 55. h6 Rh3+ 56. Kf2 {[%emt 0:00:09] [#]} Kf4 $1 57. h7 f5 58. Kg2 Rh6 59. Kg1 g3 60. Kg2 Rh5 61. Kg1 Rh2 62. Kf1 {[%emt 0:00:23] [#]} Kf3 $1 63. Kg1 f4 {[%emt 0:00:05] Weighted Error Value: White=0.62/Black=0.21 (precise)} 0-1

[Event "12th WLC Weekend 2022"]
[Site "Eindhoven"]
[Date "2022.05.13"]
[Round "1.8"]
[White "Iolis, Oleg"]
[Black "Van Zon, Paul"]
[Result "1-0"]
[ECO "B33"]
[WhiteElo "2201"]
[BlackElo "2000"]
[Annotator "TA"]
[PlyCount "75"]
[EventDate "2022.05.13"]
[EventType "swiss"]
[EventCountry "NED"]
[SourceTitle "playchess.com"]
[Source "ChessBase"]
[SourceQuality "1"]
[TimeControl "5400+30"]

1. e4 c5 2. Nf3 Nc6 3. d4 cxd4 4. Nxd4 Nf6 5. Nc3 e5 6. Ndb5 d6 7. Nd5 Nxd5 8. exd5 Nb8 9. a4 Be7 10. Be2 O-O 11. O-O {[%emt 0:00:03] B33: Sicilian: Pelikan and Sveshnikov Variations.} f5 12. b4 a6 13. Na3 {[%emt 0:00:05][%cal Bb5a3,Ba3c4,Bc4b6][%mdl 32] [#] The position is equal.} e4 $146 ({Predecessor:} 13... f4 14. a5 Bf5 15. c4 Kh8 16. Bb2 Nd7 17. Rc1 e4 18. Kh1 Bf6 19. Bd4 Bxd4 20. Qxd4 {0-1 (42) Hakobyan,A (2588)-Gledura,B (2620) Chesterfield 2020}) 14. a5 Bf6 15. Rb1 Nd7 16. Nc4 Ne5 17. Nb6 $1 Rb8 {[%emt 0:00:06] [#]} 18. c4 $1 $36 {[%emt 0:00:52][%cal Bc2c4,Bc4c5][%mdl 2080] White is pushing.} g5 19. f4 (19. Qc2 $16) 19... exf3 $1 $11 20. Bxf3 f4 21. Be4 Bg4 22. Qc2 Kg7 {[%emt 0:10:30] White now steadily converts the win.} ({Black should try} 22... Qe7 $14) 23. c5 $16 Rf7 24. Bb2 (24. Bxh7 Qh8 25. Be4 Qh5 $11) 24... h6 (24... Kg8 $142 25. Rfe1 Nd7) 25. h3 Bh5 (25... Bd7 $142 26. Nxd7 (26. cxd6 Bb5 $14) 26... Nxd7) 26. Rbe1 $18 Rc7 27. Bf5 Be8 28. Bxe5 (28. Qb1 $142) 28... Bxe5 {[%emt 0:00:22] [#]} 29. Rxe5 dxe5 30. Be6 {[%emt 0:10:21] Prevents Rf7. Strongly threatening Qb2.} Re7 (30... Bg6 $2 31. Qc3) (30... Qf6 $16 {was worth a try.}) 31. Qf5 Rxe6 (31... Bf7 {is a better chance.} 32. Qxe5+ (32. Nd7 Rxd7 33. Bxd7 Qf6 $18) 32... Kg8) 32. Qxe6 {[%emt 0:00:13] White is clearly winning.} Qf6 {[%emt 0:00:20] [#]} 33. Qxf6+ Kxf6 34. Rc1 {[%emt 0:00:24] c6 is the strong threat.} Rd8 35. c6 bxc6 36. dxc6 Bxc6 37. Rxc6+ Kf5 38. Nc4 {[%emt 0:00:38] Weighted Error Value: White=0.17 (very precise) /Black=0.47} 1-0

[Event "12th WLC Weekend 2022"]
[Site "Eindhoven"]
[Date "2022.05.13"]
[Round "1.9"]
[White "De Vries, Leon"]
[Black "Jansen, Bob"]
[Result "0-1"]
[ECO "A04"]
[WhiteElo "1951"]
[BlackElo "2174"]
[Annotator "TA"]
[PlyCount "66"]
[EventDate "2022.05.13"]
[EventType "swiss"]
[EventCountry "NED"]
[SourceTitle "playchess.com"]
[Source "ChessBase"]
[SourceQuality "1"]
[TimeControl "5400+30"]

1. Nf3 e6 2. g3 f5 3. Bg2 Nf6 4. O-O d5 5. d3 Nc6 6. c4 {[%emt 0:02:22] A04: Unusual lines after 1 Nf3 and King's Indian Attack.} dxc4 7. dxc4 Qxd1 8. Rxd1 {[%emt 0:00:38] The position is equal.} e5 {[%emt 0:01:08][%cal Be6e5,Be5e4][%mdl 32] Prevents Bf4.} 9. Nc3 {[%emt 0:11:27] aiming for Nb5.} e4 $1 {[%emt 0:12:31] [#]} 10. Ne1 $146 {[%emt 0:01:09] Threatening Nb5.} ({Predecessor:} 10. Ng5 h6 11. Nh3 g5 12. Nb5 Rh7 13. b3 a6 14. Bb2 axb5 15. cxb5 Nb4 16. Bxf6 {½-½ (28) Kharitonov,A (2505)-Moskalenko,V (2505) Moscow 1992}) 10... Be6 11. b3 Bd6 12. Nb5 Be5 13. Bf4 Bxf4 14. gxf4 Rc8 15. Nc2 Ke7 16. Nbd4 (16. f3 $14) 16... Nxd4 $11 17. Rxd4 c5 18. Rd2 Rhd8 19. Rad1 Rxd2 (19... b5 {is more complex.} 20. cxb5 Nd5 21. Bf1 Nc3) 20. Rxd2 Rc6 21. f3 Ra6 22. Ne3 $1 Ra3 23. Nd1 Bd7 24. Kf2 Bc6 25. Nc3 Ra6 26. Ke3 Rb6 (26... exf3 $11 {remains equal.} 27. Bxf3 Bxf3 28. Kxf3 g6) 27. h3 (27. fxe4 $16 Bxe4 28. Bxe4 (28. Nxe4 fxe4 29. f5 g5 $16)) 27... a5 28. fxe4 fxe4 29. Nd5+ $2 {[%emt 0:01:06][%mdl 8192] Loses the game.} ({Avoid the trap} 29. Nxe4 $2 Bxe4 30. Bxe4 Re6 $19) (29. f5 $11 {and White stays safe.}) 29... Bxd5 $19 30. cxd5 {[%emt 0:00:06] [#]} Rb4 31. d6+ Kd7 32. Rd1 b5 33. Rc1 Kxd6 {[%emt 0:01:58] Weighted Error Value: White=0.37/Black=0.12 (very precise)} 0-1